[Event "4th Baskent University Open 2019"]
[Site "Ankara"]
[Date "2019.06.22"]
[Round "9"]
[White "Iskandarov, Misratdin"]
[Black "Nagy, Gabor"]
[Result "1-0"]
[ECO "C58"]
[WhiteElo "2502"]
[BlackElo "2471"]
[Annotator "ChessBase"]
[PlyCount "85"]
[EventDate "2019.06.18"]
[EventType "swiss"]
[EventCountry "TUR"]
[SourceTitle "playchess.com"]
[Source "ChessBase"]
[SourceQuality "1"]
[TimeControl "5400+30"]

1. e4 e5 2. Nf3 Nc6 3. Bc4 Nf6 4. Ng5 d5 5. exd5 Na5 6. Bb5+ c6 7. dxc6 bxc6 8. Qf3 Rb8 9. Bd3 Be7 10. O-O O-O 11. Nc3 h6 12. Nge4 Nd5 13. Ng3 Rb4 14. Be4 Nf4 15. a3 Rd4 16. Nf5 Bxf5 17. Bxf5 g6 18. Bh3 f5 19. Ne2 Nxh3+ 20. Qxh3 Rh4 21. Qc3 Bd6 22. b4 f4 23. f3 Rf5 24. bxa5 Rfh5 25. Kf2 Rxh2 26. Rg1 Qe7 27. Kf1 Bc5 28. d4 exd4 29. Qd3 Rf5 30. Bxf4 Rh4 31. Bg3 Re4 32. Bf2 Re6 33. Ng3 Rf7 34. Re1 Rxe1+ 35. Bxe1 Kh7 36. Rh1 Bd6 37. Ne4 Bf4 38. Qxd4 c5 39. Qc4 h5 40. Bc3 Rf5 41. g4 Rf8 42. gxh5 g5 43. Qd3 1-0

[Event "4th Baskent University Open 2019"]
[Site "Ankara"]
[Date "2019.06.22"]
[Round "9"]
[White "Mammadov, Zaur"]
[Black "Annaberdiev, Meilis"]
[Result "0-1"]
[ECO "B22"]
[WhiteElo "2428"]
[BlackElo "2532"]
[Annotator "ChessBase"]
[PlyCount "128"]
[EventDate "2019.06.18"]
[EventType "swiss"]
[EventCountry "TUR"]
[SourceTitle "playchess.com"]
[Source "ChessBase"]
[SourceQuality "1"]
[TimeControl "5400+30"]

1. e4 c5 2. c3 Nf6 3. e5 Nd5 4. Nf3 Nc6 5. d4 cxd4 6. cxd4 d6 7. Bc4 dxe5 8. dxe5 Be6 9. Qe2 g6 10. O-O Nc7 11. Nc3 Bg7 12. Rd1 Qc8 13. Bg5 O-O 14. Rac1 h6 15. Bh4 Bxc4 16. Qxc4 Qe6 17. Qxe6 Nxe6 18. Nd5 g5 19. Bg3 Rfd8 20. b4 a6 21. a4 Kf8 22. h3 Rac8 23. Kf1 Nb8 24. Rxc8 Rxc8 25. b5 Rd8 26. Ke1 Nc5 27. h4 Ne4 28. hxg5 hxg5 29. e6 fxe6 30. Nc7 Rxd1+ 31. Kxd1 Kf7 32. Ke2 axb5 33. axb5 Nd7 34. Ke3 Nxg3 35. fxg3 Bf6 36. g4 Ne5 37. Nxe5+ Bxe5 38. Na8 Bh2 39. Ke4 Bg1 40. Nc7 Bb6 41. Na8 Bc5 42. Nc7 Bf2 43. Kf3 Bb6 44. Na8 Ba5 45. Ke4 Ke8 46. Kd4 Kd7 47. Kc5 Bc7 48. Kd4 Bd8 49. Kc5 Kc8 50. Nb6+ Bxb6+ 51. Kxb6 e5 52. Kc5 e6 53. Kc4 Kc7 54. Kc5 e4 55. b6+ Kd7 56. Kd4 Kc6 57. Kxe4 Kxb6 58. Ke5 Kc5 59. Kf6 b5 60. Kxg5 b4 61. Kf6 b3 62. g5 b2 63. g6 b1=Q 64. g4 Qe4 0-1

[Event "4th Baskent University Open 2019"]
[Site "Ankara"]
[Date "2019.06.22"]
[Round "9"]
[White "Can, Isik"]
[Black "Odeev, Handszar"]
[Result "1/2-1/2"]
[ECO "B56"]
[WhiteElo "2379"]
[BlackElo "2386"]
[Annotator "NA"]
[PlyCount "53"]
[EventDate "2019.06.18"]
[EventType "swiss"]
[EventCountry "TUR"]
[SourceTitle "playchess.com"]
[Source "ChessBase"]
[SourceQuality "1"]
[TimeControl "5400+30"]

1. e4 c5 2. Nf3 d6 3. d4 cxd4 4. Nxd4 Nf6 5. Nc3 h6 6. Be3 a6 7. f3 e6 8. Qd2 b5 9. O-O-O b4 10. Na4 Qa5 11. b3 Bd7 12. a3 Bxa4 13. axb4 Qc7 14. bxa4 Nbd7 15. b5 d5 16. bxa6 Ba3+ 17. Kb1 Bc5 18. Bb5 O-O 19. Nb3 Bxe3 20. Qxe3 Rfc8 21. Rc1 Ne5 22. Nd2 Qa5 23. c3 Rcb8 24. Nb3 Rxb5 25. axb5 Qxb5 26. Kc2 dxe4 27. Ra1 1/2-1/2

[Event "4th Baskent University Open 2019"]
[Site "Ankara"]
[Date "2019.06.22"]
[Round "9"]
[White "Simantsev, Mikhail"]
[Black "Erdogan, Anil Berk"]
[Result "1/2-1/2"]
[ECO "A61"]
[WhiteElo "2371"]
[BlackElo "2087"]
[Annotator "NA"]
[PlyCount "199"]
[EventDate "2019.06.18"]
[EventType "swiss"]
[EventCountry "TUR"]
[SourceTitle "playchess.com"]
[Source "ChessBase"]
[SourceQuality "1"]
[TimeControl "5400+30"]

1. d4 Nf6 2. c4 c5 3. d5 e6 4. Nc3 exd5 5. cxd5 d6 6. Nf3 g6 7. Bf4 a6 8. a4 Bg7 9. h3 O-O 10. e3 Ne8 11. Be2 Nd7 12. O-O Rb8 13. a5 f5 14. Nd2 Ne5 15. Bh2 Bd7 16. Qc2 Nc7 17. Nc4 Nxc4 18. Bxc4 b5 19. axb6 Rxb6 20. b3 Qf6 21. Na4 Bxa4 22. Rxa4 Qc3 23. Qe2 Be5 24. g3 Qb2 25. Qxb2 Bxb2 26. g4 Kg7 27. Kg2 Re8 28. gxf5 gxf5 29. Kf3 Be5 30. Rg1+ Kf6 31. Bxe5+ Rxe5 32. Rd1 h6 33. Raa1 Rb8 34. Rg1 Ree8 35. Rg3 Rg8 36. Kf4 Rxg3 37. fxg3 h5 38. e4 fxe4 39. Kxe4 Re8+ 40. Kf3 Re5 41. g4 h4 42. Rd1 Kg5 43. Rd3 Nb5 44. Kf2 Nd4 45. b4 Re2+ 46. Kf1 Rb2 47. bxc5 dxc5 48. Bxa6 Kf4 49. d6 Rb1+ 50. Kf2 Rb2+ 51. Ke1 Rb6 52. d7 Rd6 53. Bb5 c4 54. Bxc4 Rxd7 55. Kf2 Rd8 56. Bb3 Rd6 57. Bd1 Rd8 58. Ba4 Rd6 59. Rd1 Rd8 60. Kg2 Rd6 61. Bc2 Rd8 62. Rf1+ Kg5 63. Rd1 Kf4 64. Rd2 Rd6 65. Rf2+ Kg5 66. Bd3 Rf6 67. Rd2 Rd6 68. Rd1 Kf4 69. Rf1+ Kg5 70. Rf8 Rb6 71. Be4 Rb2+ 72. Kf1 Rd2 73. Rf7 Rb2 74. Rd7 Rb4 75. Bd5 Rb2 76. Be4 Rb4 77. Bd3 Kf4 78. Rf7+ Ke3 79. Bh7 Nf3 80. Rc7 Ra4 81. Rc3+ Kf4 82. Ke2 Ra2+ 83. Bc2 Nd4+ 84. Kd3 Nxc2 85. Rxc2 Ra1 86. Kd4 Rd1+ 87. Kc4 Rd8 88. Rc3 Rd7 89. Rd3 Rc7+ 90. Kd4 Rc8 91. Kd5 Rd8+ 92. Kc4 Rc8+ 93. Kd4 Rc7 94. Rc3 Rd7+ 95. Kc4 Rd8 96. Rd3 Rc8+ 97. Kd4 Rc7 98. Rb3 Rd7+ 99. Kc4 Rd8 100. Rd3 1/2-1/2

[Event "4th Baskent University Open 2019"]
[Site "Ankara"]
[Date "2019.06.22"]
[Round "9"]
[White "Arat, Ufuk Sezen"]
[Black "Maghalashvili, Davit"]
[Result "1/2-1/2"]
[ECO "A46"]
[WhiteElo "2368"]
[BlackElo "2500"]
[Annotator "ChessBase"]
[PlyCount "195"]
[EventDate "2019.06.18"]
[EventType "swiss"]
[EventCountry "TUR"]
[SourceTitle "playchess.com"]
[Source "ChessBase"]
[SourceQuality "1"]
[TimeControl "5400+30"]

1. d4 Nf6 2. Nf3 d6 3. Nbd2 Bf5 4. Nh4 Bd7 5. e4 e5 6. dxe5 dxe5 7. Nf5 Bc6 8. Bd3 g6 9. Ne3 Nbd7 10. Qe2 Bh6 11. Nec4 a5 12. a4 O-O 13. b3 Re8 14. Bb2 Bg7 15. c3 Nh5 16. g3 Nc5 17. Bc2 Qd7 18. Ba3 Bf8 19. O-O b6 20. f3 Qh3 21. Ne3 Nf6 22. Ndc4 h5 23. Rfd1 Qe6 24. h4 Rad8 25. Kh2 Be7 26. Rxd8 Rxd8 27. Rd1 Rxd1 28. Qxd1 Bd7 29. Kg1 Qh3 30. Nf1 Qe6 31. Nfe3 Bc6 32. Kh2 Nb7 33. b4 Bd7 34. Kg1 axb4 35. cxb4 b5 36. axb5 Bxb5 37. Bb3 Qh3 38. Qe1 Nd7 39. Bb2 c5 40. Nd5 Bd8 41. Nxe5 Nxe5 42. Bxe5 cxb4 43. Bd4 Na5 44. Nf4 Qd7 45. Bd5 Nc6 46. Bb2 Qa7+ 47. Kh2 Ne7 48. Bb3 Qc5 49. e5 Bc4 50. Bxc4 Qxc4 51. Qd2 Bb6 52. e6 fxe6 53. Qd6 Kf7 54. Qxb6 Qc2+ 55. Kh3 Qxb2 56. Qxe6+ Kf8 57. Qd6 Qb1 58. Ne6+ Kf7 59. Ng5+ Ke8 60. Qb8+ Kd7 61. Qb7+ Kd8 62. Ne6+ Ke8 63. Qb5+ Nc6 64. Qxc6+ Ke7 65. g4 Qh1+ 66. Kg3 Qe1+ 67. Kf4 Qxe6 68. Qb7+ Ke8 69. Qxb4 Qf6+ 70. Kg3 Qe5+ 71. Kh3 hxg4+ 72. Kxg4 Qf5+ 73. Kg3 Kf7 74. Qb7+ Kf6 75. Qe4 Qc5 76. Kh3 Qc1 77. Qd4+ Kf7 78. Kg4 Qc8+ 79. Kg3 Qf5 80. Qh8 Qb1 81. Qe5 Qg1+ 82. Kh3 Qf1+ 83. Kg4 Qg1+ 84. Qg3 Qd1 85. Qc7+ Kf6 86. Qb6+ Kf7 87. Qc7+ Kf6 88. Qc6+ Kf7 89. Qc4+ Kf6 90. Qc3+ Kf7 91. Kf4 Qd6+ 92. Qe5 Qd2+ 93. Kg3 Qd1 94. Qc5 Kf6 95. h5 gxh5 96. Qxh5 Qg1+ 97. Kf4 Qd4+ 98. Kg3 1/2-1/2

[Event "4th Baskent University Open 2019"]
[Site "Ankara"]
[Date "2019.06.22"]
[Round "9"]
[White "Guliev, Logman"]
[Black "Saraci, Nderim"]
[Result "0-1"]
[ECO "C76"]
[WhiteElo "2320"]
[BlackElo "2377"]
[Annotator "ChessBase"]
[PlyCount "107"]
[EventDate "2019.06.18"]
[EventType "swiss"]
[EventCountry "TUR"]
[SourceTitle "playchess.com"]
[Source "ChessBase"]
[SourceQuality "1"]
[TimeControl "5400+30"]

1. e4 e5 2. Nf3 Nc6 3. Bb5 g6 4. O-O Bg7 5. c3 a6 6. Ba4 d6 7. d4 Bd7 8. Bg5 f6 9. Be3 Nh6 10. c4 Ng4 11. Bc1 exd4 12. Nxd4 Nxd4 13. Bxd7+ Qxd7 14. Qxd4 f5 15. Qd5 c6 16. Qd3 O-O 17. Nc3 Ne5 18. Qe2 f4 19. f3 Qe6 20. b3 Nxc4 21. bxc4 Bxc3 22. Rb1 b5 23. Bb2 Bxb2 24. Rxb2 Qxc4 25. Qxc4+ bxc4 26. Rd1 Rfd8 27. Rb6 Rac8 28. Rxa6 d5 29. Ra5 d4 30. Rc5 c3 31. Kf1 Ra8 32. Rxc6 Rxa2 33. Rxc3 Rb8 34. Rcd3 Rbb2 35. Rxd4 Rf2+ 36. Kg1 Rxg2+ 37. Kh1 Rxh2+ 38. Kg1 Rhg2+ 39. Kh1 Rg3 40. R1d3 Rh3+ 41. Kg1 Ra1+ 42. Rd1 Rxd1+ 43. Rxd1 Rxf3 44. Rd7 Re3 45. Re7 h5 46. e5 Kf8 47. Re6 Kf7 48. Rf6+ Kg7 49. Rxf4 Rxe5 50. Ra4 Kf6 51. Kg2 Kg5 52. Kh3 Re3+ 53. Kg2 h4 54. Rb4 0-1

[Event "4th Baskent University Open 2019"]
[Site "Ankara"]
[Date "2019.06.22"]
[Round "9"]
[White "Babayev, Talib"]
[Black "Rzayev, Askar Aliakbar"]
[Result "1-0"]
[ECO "A13"]
[WhiteElo "2290"]
[BlackElo "2089"]
[Annotator "NA"]
[PlyCount "71"]
[EventDate "2019.06.18"]
[EventType "swiss"]
[EventCountry "TUR"]
[SourceTitle "playchess.com"]
[Source "ChessBase"]
[SourceQuality "1"]
[TimeControl "5400+30"]

1. Nf3 d5 2. c4 e6 3. g3 Nf6 4. Bg2 Be7 5. b3 d4 6. Bb2 c5 7. b4 O-O 8. O-O a5 9. bxc5 Bxc5 10. Ne5 a4 11. Nd3 a3 12. Bc1 Be7 13. Qb3 Qa5 14. c5 e5 15. Nxe5 Qxc5 16. Nc4 Be6 17. d3 Bxc4 18. dxc4 Nc6 19. Qxb7 Ne5 20. Qb5 Ra5 21. Qxc5 Bxc5 22. Nd2 Ra4 23. Nb3 Rc8 24. Bf4 Ng6 25. Bb7 Nxf4 26. Bxc8 Nxe2+ 27. Kg2 Bf8 28. c5 Nc3 29. Rfc1 Nfd5 30. Bb7 Nb4 31. c6 Bd6 32. Re1 Kf8 33. Nc5 g6 34. Nxa4 Nxa4 35. Re4 Nc2 36. Rc1 1-0

[Event "4th Baskent University Open 2019"]
[Site "Ankara"]
[Date "2019.06.22"]
[Round "9"]
[White "Kazimova, Narmin"]
[Black "Bagaturov, Giorgi"]
[Result "0-1"]
[ECO "E62"]
[WhiteElo "2271"]
[BlackElo "2422"]
[Annotator "NA"]
[PlyCount "78"]
[EventDate "2019.06.18"]
[EventType "swiss"]
[EventCountry "TUR"]
[SourceTitle "playchess.com"]
[Source "ChessBase"]
[SourceQuality "1"]
[TimeControl "5400+30"]

1. c4 g6 2. d4 Nf6 3. Nf3 Bg7 4. g3 O-O 5. Bg2 d6 6. O-O Nc6 7. Nc3 e5 8. d5 Nb8 9. e4 a5 10. Ne1 Na6 11. Nd3 Bd7 12. a3 Nc5 13. Nxc5 dxc5 14. Rb1 Qe7 15. b4 axb4 16. axb4 cxb4 17. Nb5 c5 18. d6 Qd8 19. Nc7 Rc8 20. f4 Ne8 21. Nd5 Nxd6 22. fxe5 Bxe5 23. Bb2 Nxc4 24. Bxe5 Nxe5 25. Nf6+ Kg7 26. Qc1 Bb5 27. Qg5 Bxf1 28. Rxf1 Rc6 29. Nh5+ Kg8 30. Qxe5 gxh5 31. Qxh5 b3 32. e5 Rg6 33. Bxb7 c4 34. Qf3 Qd3 35. Qf4 c3 36. Be4 Qd2 37. Qf5 Qd4+ 38. Kh1 Qc5 39. Qf4 c2 0-1

[Event "4th Baskent University Open 2019"]
[Site "Ankara"]
[Date "2019.06.22"]
[Round "9"]
[White "Darban, Morteza"]
[Black "Gulden, Egemen"]
[Result "1-0"]
[ECO "A25"]
[WhiteElo "2264"]
[BlackElo "2120"]
[Annotator "ChessBase"]
[PlyCount "75"]
[EventDate "2019.06.18"]
[EventType "swiss"]
[EventCountry "TUR"]
[SourceTitle "playchess.com"]
[Source "ChessBase"]
[SourceQuality "1"]
[TimeControl "5400+30"]

1. c4 e5 2. Nc3 Nc6 3. g3 g6 4. Bg2 Bg7 5. e3 d6 6. Nge2 Be6 7. Nd5 Nh6 8. O-O O-O 9. d3 Qd7 10. Nec3 Nd8 11. Ne4 f6 12. b3 c6 13. Ndc3 Ndf7 14. Bb2 f5 15. Nd2 g5 16. Rb1 Nh8 17. d4 exd4 18. exd4 Bxd4 19. Nde4 Bxc3 20. Nxc3 Ng6 21. Qh5 Nf7 22. Nd5 Bxd5 23. cxd5 Rfe8 24. f4 c5 25. fxg5 Nfe5 26. Bh3 Rf8 27. Qe2 Rae8 28. Qc2 Qf7 29. Rbd1 Qe7 30. Rxf5 Rxf5 31. Qxf5 Rf8 32. Qe6+ Kg7 33. Qxe7+ Nxe7 34. Bxe5+ dxe5 35. Bg2 Nf5 36. d6 Ne3 37. Rd3 Nxg2 38. Kxg2 1-0

[Event "4th Baskent University Open 2019"]
[Site "Ankara"]
[Date "2019.06.22"]
[Round "9"]
[White "Aydincelebi, Kagan"]
[Black "Javadov, Ramil"]
[Result "1-0"]
[ECO "B06"]
[WhiteElo "2258"]
[BlackElo "2063"]
[Annotator "NA"]
[PlyCount "67"]
[EventDate "2019.06.18"]
[EventType "swiss"]
[EventCountry "TUR"]
[SourceTitle "playchess.com"]
[Source "ChessBase"]
[SourceQuality "1"]
[TimeControl "5400+30"]

1. e4 c6 2. d4 g6 3. Nc3 Bg7 4. Nf3 d6 5. h3 Nh6 6. Bf4 f6 7. Qd2 Nf7 8. d5 c5 9. Be2 O-O 10. O-O-O Na6 11. g4 Nc7 12. Rdg1 e5 13. dxe6 Nxe6 14. Be3 Neg5 15. h4 Nxf3 16. Bxf3 Rb8 17. Be2 b5 18. Nd5 Re8 19. h5 Rxe4 20. hxg6 hxg6 21. Bd3 Ra4 22. Nc3 Be6 23. Nxa4 bxa4 24. Bxg6 Ng5 25. Bf5 Bxa2 26. Qc3 Bd5 27. f3 Qe8 28. Re1 Nxf3 29. Rd1 Nd4 30. Rhe1 Qf7 31. Bxd4 cxd4 32. Qxd4 Bh6+ 33. Kb1 Rb5 34. Qxa4 1-0

[Event "4th Baskent University Open 2019"]
[Site "Ankara"]
[Date "2019.06.22"]
[Round "9"]
[White "Yilmaz, Goktan"]
[Black "Gulbeyaz, Emir"]
[Result "1-0"]
[ECO "B06"]
[WhiteElo "2155"]
[BlackElo "2157"]
[Annotator "NA"]
[PlyCount "85"]
[EventDate "2019.06.18"]
[EventType "swiss"]
[EventCountry "TUR"]
[SourceTitle "playchess.com"]
[Source "ChessBase"]
[SourceQuality "1"]
[TimeControl "5400+30"]

1. e4 g6 2. d4 Bg7 3. Nc3 d6 4. Be3 a6 5. f4 b5 6. Nf3 Bb7 7. Bd3 Nd7 8. e5 c5 9. Be4 Bxe4 10. Nxe4 cxd4 11. Bxd4 dxe5 12. fxe5 Nf8 13. Neg5 Nh6 14. Qe2 Ne6 15. Nxe6 fxe6 16. O-O-O O-O 17. Kb1 Qc7 18. Qe4 Rac8 19. Rhe1 Rfd8 20. Ng5 Qc6 21. Qxc6 Rxc6 22. Bc3 Rdc8 23. Rd7 Nf7 24. Nf3 R6c7 25. Rxc7 Rxc7 26. a4 Rc5 27. axb5 axb5 28. Re2 Rd5 29. Ka2 Nd8 30. b4 h6 31. Kb3 g5 32. h3 Kf7 33. Bb2 Kg6 34. c4 bxc4+ 35. Kxc4 Kf5 36. b5 h5 37. g3 Rd1 38. Nd4+ Kg6 39. b6 Kf7 40. Nb3 Rd5 41. Nc5 Ke8 42. Nxe6 Nxe6 43. Kxd5 1-0

[Event "4th Baskent University Open 2019"]
[Site "Ankara"]
[Date "2019.06.22"]
[Round "9"]
[White "Ozguner, Hakki Ata"]
[Black "Makaraci, Tunahan"]
[Result "1/2-1/2"]
[ECO "D02"]
[WhiteElo "2153"]
[BlackElo "1963"]
[Annotator "NA"]
[PlyCount "48"]
[EventDate "2019.06.18"]
[EventType "swiss"]
[EventCountry "TUR"]
[SourceTitle "playchess.com"]
[Source "ChessBase"]
[SourceQuality "1"]
[TimeControl "5400+30"]

1. d4 Nf6 2. Bf4 d5 3. e3 c5 4. c3 Nc6 5. Nd2 e6 6. Ngf3 Bd6 7. Bg3 O-O 8. Bd3 b6 9. Qe2 Bb7 10. Rd1 Re8 11. Ne5 Qc7 12. Nxc6 Bxc6 13. dxc5 bxc5 14. e4 Bf4 15. O-O Bxg3 16. hxg3 Rab8 17. e5 Nd7 18. Nf3 h6 19. Rfe1 Red8 20. g4 Qb7 21. Rd2 Nf8 22. Bb1 Qb5 23. Bd3 Qb7 24. Bb1 Qb5 1/2-1/2

[Event "4th Baskent University Open 2019"]
[Site "Ankara"]
[Date "2019.06.22"]
[Round "9"]
[White "Kizilkus, Akin"]
[Black "Nikcevic, Nebojsa"]
[Result "1/2-1/2"]
[ECO "D26"]
[WhiteElo "2131"]
[BlackElo "2420"]
[Annotator "NA"]
[PlyCount "104"]
[EventDate "2019.06.18"]
[EventType "swiss"]
[EventCountry "TUR"]
[SourceTitle "playchess.com"]
[Source "ChessBase"]
[SourceQuality "1"]
[TimeControl "5400+30"]

1. d4 d5 2. c4 dxc4 3. e3 Nf6 4. Bxc4 e6 5. Nf3 a6 6. O-O b5 7. Bd3 Bb7 8. a4 b4 9. Nbd2 c5 10. e4 Nc6 11. e5 Nd7 12. Nc4 cxd4 13. Bg5 Qb8 14. Rc1 h6 15. Bh4 Bc5 16. Qe2 Ra7 17. Nfd2 Ncxe5 18. Bg3 Bd6 19. Nxd6+ Qxd6 20. Nc4 Qd5 21. Be4 d3 22. Qh5 Qxc4 23. Rxc4 Nxc4 24. Bxb7 Rxb7 25. Qf3 Na5 26. Bd6 f5 27. Qxd3 Kf7 28. Qxa6 Rb6 29. Qxa5 Rxd6 30. Qxb4 Rd5 31. h3 Rb8 32. Qa3 Rd4 33. Rc1 Rb7 34. a5 Nb8 35. a6 Ra7 36. Qe3 Rdd7 37. Qb6 Nxa6 38. Ra1 Rdb7 39. Qd4 Rd7 40. Qe3 Ra8 41. Qb6 Nc7 42. Rxa8 Nxa8 43. Qc6 Ra7 44. b4 Nc7 45. b5 Nd5 46. b6 Nxb6 47. Qxb6 Rd7 48. Kf1 h5 49. h4 Rd5 50. Qc7+ Kf6 51. Qc3+ Kf7 52. Qc7+ Kf6 1/2-1/2

[Event "4th Baskent University Open 2019"]
[Site "Ankara"]
[Date "2019.06.22"]
[Round "9"]
[White "Guven, Oguz Kagan"]
[Black "Pacher, Milan"]
[Result "1/2-1/2"]
[ECO "A11"]
[WhiteElo "2095"]
[BlackElo "2434"]
[Annotator "NA"]
[PlyCount "45"]
[EventDate "2019.06.18"]
[EventType "swiss"]
[EventCountry "TUR"]
[SourceTitle "playchess.com"]
[Source "ChessBase"]
[SourceQuality "1"]
[TimeControl "5400+30"]

1. Nf3 d5 2. g3 g6 3. Bg2 Bg7 4. d4 c6 5. O-O Nf6 6. b3 O-O 7. c4 a5 8. Nc3 Ne4 9. Bb2 Nxc3 10. Bxc3 a4 11. cxd5 cxd5 12. bxa4 Nc6 13. Ne5 Nxe5 14. dxe5 Be6 15. Rb1 Qc7 16. Qd4 Rfc8 17. Rfc1 Qc4 18. Qxc4 Rxc4 19. Bb4 Rxa4 20. a3 Bxe5 21. Rd1 Rc7 22. Bxd5 Ra6 23. Bxe6 1/2-1/2

[Event "4th Baskent University Open 2019"]
[Site "Ankara"]
[Date "2019.06.22"]
[Round "9"]
[White "Sakalli, Mustafa"]
[Black "Guseynov, Alihan"]
[Result "0-1"]
[ECO "A30"]
[WhiteElo "1916"]
[BlackElo "2274"]
[Annotator "NA"]
[PlyCount "110"]
[EventDate "2019.06.18"]
[EventType "swiss"]
[EventCountry "TUR"]
[SourceTitle "playchess.com"]
[Source "ChessBase"]
[SourceQuality "1"]
[TimeControl "5400+30"]

1. c4 Nf6 2. Nc3 e6 3. Nf3 c5 4. g3 b6 5. Bg2 Bb7 6. O-O Be7 7. Re1 O-O 8. e4 d6 9. d4 cxd4 10. Nxd4 Qc8 11. b3 a6 12. Bb2 Nbd7 13. Rc1 Qc7 14. h3 Rac8 15. g4 g6 16. Nde2 Qb8 17. Ng3 Ne8 18. Qd2 Bf6 19. g5 Bg7 20. h4 f6 21. Bh3 Ne5 22. Bxe6+ Kh8 23. Re3 fxg5 24. hxg5 Rc7 25. Nd5 Bxd5 26. exd5 Nf3+ 27. Rxf3 Rxf3 28. Kg2 Rf8 29. Rh1 Qd8 30. f4 Re7 31. Qc1 Bxb2 32. Qxb2+ Ng7 33. Qd4 Ree8 34. a4 a5 35. Rh6 Rxe6 36. dxe6 Qe7 37. Rh1 Qxe6 38. Rf1 Qg4 39. Qxd6 Qxg3+ 40. Kxg3 Nf5+ 41. Kf3 Nxd6 42. Rd1 Nb7 43. Rb1 Nc5 44. b4 Nxa4 45. bxa5 bxa5 46. Ra1 Nb2 47. c5 a4 48. Ke4 Rd8 49. c6 Kg7 50. Ra2 Nd1 51. Ke5 Nc3 52. Rc2 Nb5 53. Rb2 Na3 54. Rb7+ Kf8 55. c7 Nc4+ 0-1

[Event "4th Baskent University Open 2019"]
[Site "Ankara"]
[Date "2019.06.22"]
[Round "9"]
[White "Yildirim, Ibrahim Halil"]
[Black "Elma, Muge"]
[Result "1/2-1/2"]
[ECO "B53"]
[WhiteElo "1787"]
[BlackElo "1618"]
[Annotator "NA"]
[PlyCount "63"]
[EventDate "2019.06.18"]
[EventType "swiss"]
[EventCountry "TUR"]
[SourceTitle "playchess.com"]
[Source "ChessBase"]
[SourceQuality "1"]
[TimeControl "5400+30"]

1. e4 c5 2. Nf3 d6 3. d4 cxd4 4. Qxd4 Nc6 5. Bb5 Bd7 6. Bxc6 Bxc6 7. Nc3 Nf6 8. Bg5 e6 9. O-O-O Be7 10. Rhe1 Qc7 11. Kb1 a6 12. Qd3 b5 13. Nd4 b4 14. Nxc6 Qxc6 15. Bxf6 gxf6 16. Ne2 Rc8 17. Nd4 Qc4 18. f4 Bd8 19. f5 Qxd3 20. Rxd3 Ke7 21. Red1 Bb6 22. Nb3 Rc6 23. c3 bxc3 24. Rxc3 Rxc3 25. bxc3 Rc8 26. Kc2 Rg8 27. g3 Rg5 28. Rf1 h5 29. Nd4 Bxd4 30. cxd4 h4 31. Rf3 hxg3 32. hxg3 1/2-1/2

[Event "4th Baskent University Open 2019"]
[Site "Ankara"]
[Date "2019.06.22"]
[Round "9"]
[White "Kecili, Mustafa Firat"]
[Black "Can, Ilhan"]
[Result "0-1"]
[ECO "B33"]
[WhiteElo "1673"]
[BlackElo "1726"]
[Annotator "NA"]
[PlyCount "104"]
[EventDate "2019.06.18"]
[EventType "swiss"]
[EventCountry "TUR"]
[SourceTitle "playchess.com"]
[Source "ChessBase"]
[SourceQuality "1"]
[TimeControl "5400+30"]

1. e4 c5 2. Nf3 e6 3. d4 cxd4 4. Nxd4 Qb6 5. Nb3 Nc6 6. Be3 Qc7 7. Be2 Nf6 8. Nc3 Bb4 9. O-O Bxc3 10. bxc3 Nxe4 11. Bd3 Nf6 12. Nd4 a6 13. Re1 Ne5 14. Bf4 d6 15. Bxe5 dxe5 16. Nf3 e4 17. Bxe4 Nxe4 18. Rxe4 O-O 19. Re3 b6 20. Qe2 Bb7 21. Nd4 Rac8 22. Rh3 Qf4 23. Re1 Rc5 24. Nb3 Rg5 25. Rg3 Rxg3 26. hxg3 Qc7 27. c4 Qc6 28. f3 Rc8 29. Rd1 h6 30. c5 b5 31. Rd6 Qc7 32. Qd2 Bd5 33. Rxa6 Qxg3 34. Qf2 Qf4 35. Ra7 Rd8 36. Qd4 Qg5 37. Qd2 Qe5 38. c6 Rc8 39. Nd4 Bxc6 40. Nxc6 Qc5+ 41. Kh1 Qxc6 42. Qf4 Rf8 43. Rc7 Qd5 44. a3 g5 45. Qb4 Rd8 46. Qe7 Rf8 47. Rc5 Qd1+ 48. Kh2 Qd4 49. Rxb5 Qf4+ 50. Kh1 Rc8 51. Rc5 Qh4+ 52. Kg1 Qd4+ 0-1

[Event "4th Baskent University Open 2019"]
[Site "Ankara"]
[Date "2019.06.22"]
[Round "9"]
[White "Cevizci, Yusuf Baran"]
[Black "Ceylan, Sezer"]
[Result "1-0"]
[ECO "C47"]
[WhiteElo "1670"]
[BlackElo "1617"]
[Annotator "NA"]
[PlyCount "77"]
[EventDate "2019.06.18"]
[EventType "swiss"]
[EventCountry "TUR"]
[SourceTitle "playchess.com"]
[Source "ChessBase"]
[SourceQuality "1"]
[TimeControl "5400+30"]

1. e4 e5 2. Nf3 Nc6 3. Nc3 Nf6 4. Be2 Bb4 5. Nd5 O-O 6. c3 Ba5 7. d3 Nxd5 8. exd5 Nd4 9. Nxd4 exd4 10. b4 Bb6 11. c4 c5 12. bxc5 Bxc5 13. O-O d6 14. Rb1 a6 15. a4 Rb8 16. Bd2 Bd7 17. a5 b5 18. axb6 Rxb6 19. Ra1 Qa8 20. Bg4 Bxg4 21. Qxg4 Kh8 22. Rfe1 Rb2 23. Bf4 Qb7 24. Qg3 Qb6 25. h4 a5 26. h5 h6 27. Qh4 Rb3 28. Bxh6 gxh6 29. Qf6+ Kh7 30. Re4 Qd8 31. Re7 Qc8 32. Rae1 Rb7 33. Qg6+ Kh8 34. Qxh6+ Kg8 35. R1e6 Qxe6 36. dxe6 Rxe7 37. Qg5+ Kh8 38. Qxe7 Kg7 39. h6+ 1-0

[Event "4th Baskent University Open 2019"]
[Site "Ankara"]
[Date "2019.06.22"]
[Round "9"]
[White "Yanikoglu, Omer"]
[Black "Sabahi, Cem"]
[Result "0-1"]
[ECO "E90"]
[WhiteElo "1665"]
[BlackElo "1641"]
[Annotator "NA"]
[PlyCount "132"]
[EventDate "2019.06.18"]
[EventType "swiss"]
[EventCountry "TUR"]
[SourceTitle "playchess.com"]
[Source "ChessBase"]
[SourceQuality "1"]
[TimeControl "5400+30"]

1. Nf3 g6 2. d4 Bg7 3. c4 d6 4. Nc3 Nd7 5. e4 e5 6. Bg5 Ngf6 7. dxe5 dxe5 8. Be2 c6 9. O-O Qe7 10. Qc2 h6 11. Be3 O-O 12. Rfd1 Nh5 13. Qd2 Nf4 14. Bxf4 exf4 15. Qxf4 Nc5 16. Rac1 Re8 17. Bf1 g5 18. Qd6 Qxd6 19. Rxd6 Bxc3 20. bxc3 Nxe4 21. Rd4 c5 22. Rd5 f6 23. Bd3 b6 24. Re1 f5 25. g4 Nf6 26. Rxe8+ Nxe8 27. Bxf5 Bb7 28. Rd3 Ng7 29. Bg6 Ne6 30. Ne5 Nf4 31. Bf7+ Kg7 32. Rd6 Rf8 33. Bh5 Be4 34. f3 Bb1 35. a4 Bc2 36. a5 bxa5 37. Ra6 a4 38. Rxa7+ Kh8 39. Nf7+ Kg7 40. Nxg5+ Kf6 41. Ne4+ Bxe4 42. fxe4 Ne2+ 43. Kf2 Nxc3 44. Ke3 Rd8 45. h4 Rd4 46. Ra6+ Ke7 47. e5 Nd1+ 48. Ke2 Nb2 49. Rxh6 Nxc4 50. e6 a3 51. Rh7+ Kxe6 52. Bf7+ Kd6 53. Bxc4 Rxc4 54. Ra7 Rxg4 55. h5 a2 56. Kf3 Rh4 57. Rxa2 Kd5 58. Ra8 Rxh5 59. Ke3 Kc4 60. Kd2 Rh2+ 61. Kc1 Kc3 62. Ra3+ Kb4 63. Rg3 c4 64. Rg1 Kb3 65. Rg3+ c3 66. Rg1 Ra2 0-1

[Event "4th Baskent University Open 2019"]
[Site "Ankara"]
[Date "2019.06.22"]
[Round "9"]
[White "Bingologlu, Furkan"]
[Black "Shapovalovi, Vasiko"]
[Result "1/2-1/2"]
[ECO "B01"]
[WhiteElo "1652"]
[BlackElo "1759"]
[Annotator "NA"]
[PlyCount "74"]
[EventDate "2019.06.18"]
[EventType "swiss"]
[EventCountry "TUR"]
[SourceTitle "playchess.com"]
[Source "ChessBase"]
[SourceQuality "1"]
[TimeControl "5400+30"]

1. e4 d5 2. exd5 Qxd5 3. d4 Nf6 4. Nf3 c6 5. Be2 Bf5 6. O-O e6 7. c4 Qd8 8. Nc3 Bd6 9. Re1 O-O 10. Nh4 Bg6 11. Nxg6 hxg6 12. Bf3 Nbd7 13. g3 Bc7 14. Qb3 Qc8 15. Bg5 Nb6 16. Rad1 Nh7 17. Be3 Nf6 18. h4 Rd8 19. Bg5 Rd7 20. a4 a5 21. Be3 Qd8 22. Kg2 Rb8 23. Re2 Nc8 24. d5 exd5 25. cxd5 Ne7 26. Bg5 Nexd5 27. Nxd5 cxd5 28. Bxd5 Qf8 29. Bxf6 gxf6 30. Qf3 Be5 31. b3 Kg7 32. Rde1 Qc5 33. Bc4 Qc6 34. Qxc6 bxc6 35. f4 Bc3 36. Re7 Rbb7 37. Bd5 Kg8 1/2-1/2